 Dungeon Crawl Stone Soup version 0.31-a0-692-gf03d1854d5 (webtiles) character file.

Game seed: 3132895018241055541

222 qw the Shooter (level 5, -2/32 HPs)
             Began as a Gargoyle Hunter on Sept 6, 2023.
             Slain by an orc
             ... wielding a +0 war axe
              (5 damage)
             ... on level 2 of the Dungeon.
             The game lasted 00:00:39 (1919 turns).

qw the Shooter (Gargoyle Hunter)                    Turns: 1919, Time: 00:00:39

Health: -2/32      AC:  9    Str: 14    XL:     5   Next: 99%
Magic:  5/5        EV: 11    Int: 10    God:
Gold:   161        SH:  0    Dex: 15    Spells: 4/4 levels left

rFire   . . .        Y - +0 shortbow
rCold   . . .        (shield currently unavailable)
rNeg    + . .        c - +0 leather armour
rPois   inf          j - +1 helmet
rElec   +            (no cloak)
rCorr   .            (no gloves)
SInv    .            (no boots)
Will    .....        (no amulet)
Stlth   ++           (no ring)
HPRegen 0.25/turn    (no ring)
MPRegen 0.09/turn

%: no passive effects
@: no status effects
A: sickness immunity, AC +4, negative energy resistance 1, electricity
resistance, torment resistance 1, petrification resistance
a: no special abilities


You were on level 2 of the Dungeon.
You visited 1 branch of the dungeon, and saw 3 of its levels.

You collected 161 gold pieces.


Innate Abilities, Weirdness & Mutations

You are immune to sickness and miasma.
Your stone body is resilient. (AC +4)
You are immune to poison.
You resist negative energy. (rN+)
You are resistant to electric shocks. (rElec)
You are resistant to unholy torment.
You are immune to petrification.


   Skills:
 - Level 3.2 Fighting
 - Level 6.6 Ranged Weapons
 + Level 0.1 Armour
 - Level 1.5 Dodging
 - Level 1.1 Stealth


You had 4 spell levels left.
You didn't know any spells.
Your spell library was empty.

Inventory:

Hand Weapons
 Y - a +0 shortbow (weapon)
Armour
 c - a +0 leather armour (worn)
 j - a +1 helmet (worn)
Scrolls
 f - a scroll of identify
Potions
 b - a potion of haste {unknown}
 d - a potion of curing {unknown}
 e - a potion of enlightenment {unknown}
 g - a potion of resistance {unknown}
 h - a potion of brilliance {unknown}
 i - a potion of cancellation

Dungeon Overview and Level Annotations

Branches:
Dungeon (3/15)

Altars:


Message History

The orc misses you.
You shoot an arrow. The arrow hits the orc.
The orc is almost dead.
The orc barely misses you.
You shoot an arrow. The arrow hits the orc.
You kill the orc!
You start resting.
You feel your willpower return.
HP restored.
Done exploring.
What level of the Dungeon? (default 3, ? - help)
You climb downwards.
The kobold shouts!
The orc barely misses you. The orc hits you with a +0 flail.
The orc hits you with a +0 dagger.
A kobold comes into view. It is wielding a +0 short sword.
The orc hits you but does no damage.
There is a stone staircase leading up here.
1914 ||| STAIRDANCE The orc shouts!
The kobold shouts!
The orc barely misses you.
The kobold throws a stone.
The stone hits you but does no damage. The orc hits you but does no damage.
The orc closely misses you. The orc barely misses you.
You climb upwards.
There is a stone staircase leading down here.
You shoot an arrow. The arrow closely misses the orc.
The orc barely misses you. The orc hits you with a +0 war axe.
The orc hits you but does no damage. x2
You shoot an arrow. The arrow barely misses the orc.
The orc hits you with a +0 hand axe. The orc closely misses you. x2
The orc barely misses you.
You shoot an arrow. The arrow hits the orc.
The orc is lightly wounded.
The orc hits you with a +0 hand axe. The orc hits you with a +0 war axe.
The orc barely misses you. The orc hits you with a +0 flail.
You shoot an arrow. The arrow closely misses the orc.
The orc hits you but does no damage. x2; The orc closely misses you.
The orc hits you but does no damage. The orc hits you with a +0 hand axe.
The orc hits you with a +0 flail. The orc hits you with a +0 war axe.
You die...

############ #..........##
#.#####.###.## #.# ##.##
##.## #.# #..# #..##
#######.###..## ##...#
#........)#.#.###...#######
#.#####..ooo...............
#.# #....o@.######.########
#.###.###.### #.# #
#.........# ##+## #
####......# ##...## #
#........# ##.....## #
#........# ##.......## #
#........####.........####
#...........'.........+...
#........####.........####


You could see 4 orcs.

Vanquished Creatures
  Sigmund (D:2)
  2 adders (D:2)
  A worm (D:2)
  4 orcs (D:2)
  3 bats
  3 endoplasms
  2 giant cockroaches (D:1)
  5 goblins
  A hobgoblin (D:1)
  4 jackals (D:1)
  3 ball pythons
  4 frilled lizards
  6 kobolds
39 creatures vanquished.

Notes
Turn   | Place    | Note
-------+----------+-------------------------------------------
     0 | D:1      | qw the Gargoyle Hunter began the quest for the Orb.
     0 | D:1      | Reached XP level 1. HP: 12/12 MP: 1/1
     0 | D:1      | 0 ||| qw: Version: 0.3-a-76-g4403597
     0 | D:1      | 0 ||| qw: Game counter: 321
     0 | D:1      | 0 ||| qw: Melee chars always use a shield: true
     0 | D:1      | 0 ||| qw: God list: Okawaru
     0 | D:1      | 0 ||| qw: Allow faded altars: false
     0 | D:1      | 0 ||| qw: Do Orc after clearing Dungeon:15 true
     0 | D:1      | 0 ||| qw: Do second Lair branch before Depths: true
     0 | D:1      | 0 ||| qw: Lair rune preference: random
     0 | D:1      | 0 ||| qw: Goals: Normal
     0 | D:1      | 0 ||| PLANNING D:1-11
   471 | D:1      | Reached XP level 2. HP: 17/17 MP: 2/2
   838 | D:1      | Reached XP level 3. HP: 18/21 MP: 3/3
   926 | D:1      | 926 ||| READING scroll labelled OSCHIMPICIAKU.
   927 | D:1      | 927 ||| READING scroll labelled IFINLO EBRAES.
   932 | D:1      | 932 ||| READING scroll labelled FAOF ON SOSE.
   933 | D:1      | 933 ||| READING scroll labelled BARORA AFRUL.
   934 | D:1      | 934 ||| READING scroll labelled ORUDIE JOISMOA.
   935 | D:1      | 935 ||| DRINKING 2 green potions.
   936 | D:1      | 936 ||| DROPPING scroll of butterflies.
   969 | D:2      | Reached skill level 5 in Ranged Weapons
  1410 | D:2      | Reached skill level 3 in Fighting
  1462 | D:2      | Noticed Sigmund
  1472 | D:2      | HP: 3/23 [something/puff of flame (7)]
  1474 | D:2      | Killed Sigmund
  1475 | D:2      | Reached skill level 6 in Ranged Weapons
  1475 | D:2      | Reached XP level 4. HP: 3/28 MP: 4/4
  1475 | D:2      | Reached XP level 5. HP: 4/32 MP: 5/5
  1862 | D:2      | 1862 ||| UPGRADING to +1 helmet.
  1867 | D:2      | 1867 ||| READING scroll labelled TISEBB FYSUI.
  1884 | D:3      | 1884 ||| STAIRDANCE
  1914 | D:3      | 1914 ||| STAIRDANCE
  1919 | D:2      | HP: 3/32 [orc/+0 flail (6)]
  1919 | D:2      | Slain by an orc

Levels and vault maps discovered:
D:1:      dpeg_arrival_refuge, layout_basic, minmay_octomino_e4
D:2:      layout_loops_corners, uniq_sigmund
D:3:      layout_rooms, demons_altar, amcnicky_altar_gilded,
          gammafunk_temple_overflow_wave, gammafunk_ghost_smash

Skill      XL: |  1  2  3 |
---------------+----------+-----
Ranged Weapons | 6 |  6.6
Fighting       | 3 |  3.2
Armour         | |  0.1
Dodging        | |  1.5
Stealth        | |  1.1

Action                     |  1- 3 |  4- 6 || total
---------------------------+-------+-------++-------
   Fire: Shortbow          |   128 |    23 ||   151
    Use: Scroll            |     5 |     1 ||     6
         Potion            |     1 |       ||     1
 Armour: Leather armour    |    45 |    24 ||    69
  Dodge: Dodged            |    48 |    20 ||    68

Table legend:
 A = Non-vault XP
 B = Vault XP
 C = Vault XP percentage of total XP
 D = Non-vault monster count
 E = Vault monster count
 F = Vault count percentage of total count
                 A         B        C        D         E       F
            +---------+---------+-------+---------+---------+-------
      Total |      87 |     231 |  72.6 |      35 |       4 |  10.3
            +---------+---------+-------+---------+---------+-------
        D:1 |      30 |       5 |  14.3 |      18 |       3 |  14.3
        D:2 |      57 |     226 |  79.9 |      17 |       1 |   5.6
            +---------+---------+-------+---------+---------+-------
